 Dungeon Crawl Stone Soup version 0.32-a0-360-gcd93b57ba1 (webtiles) character file.

Game seed: 3410303320039532644

35 Goblin1989 the Sneak (level 3, 0/27 HPs)
             Began as a Coglin Brigand on Feb 18, 2024.
             Slain by a gnoll
             ... wielding a +0 flail
              (2 damage)
             ... on level 1 of the Dungeon.
             The game lasted 00:03:13 (507 turns).

Goblin1989 the Sneak (Coglin Brigand)                Turns: 507, Time: 00:03:14

Health: 0/27       AC:  3    Str: 11    XL:     3   Next: 33%
Magic:  3/3        EV: 11    Int: 10    God:
Gold:   57         SH:  0    Dex: 17    Spells: 2/2 levels left

rFire   . . .        a - +2 dagger {Kendra}
rCold   . . .        (no shield)
rNeg    . . .        b - +0 robe
rPois   .            (no helmet)
rElec   .            c - +0 cloak
rCorr   .            (no gloves)
SInv    .            (no boots)
Will    .....        (no amulet)
Stlth   +++          (no ring)
HPRegen 0.24/turn    (no ring)
MPRegen 0.08/turn

%: no passive effects
@: revved, stiff-legged, very slow
A: off-hand wielding, slow wielding, warmup strikes, warmup strides
a: no special abilities


You were on level 1 of the Dungeon.
You visited 1 branch of the dungeon, and saw 1 of its levels.

You collected 57 gold pieces.

Inventory:

Hand Weapons
 a - a +2 dagger (weapon) {Kendra}
Missiles
 d - 9 poisoned darts (quivered)
 e - 3 curare-tipped darts
Armour
 b - a +0 robe (worn)
 c - a +0 cloak (worn)
Scrolls
 g - a scroll of enchant weapon {unknown}
 i - a scroll of silence {unknown}
Potions
 f - a potion of might {unknown}
 h - a potion of haste {unknown}


   Skills:
 - Level 2.0 Fighting
 - Level 1.7 Short Blades
 - Level 1.7 Throwing
 - Level 0.8 Dodging
 + Level 4.3 Stealth


You had 2 spell levels left.
You didn't know any spells.
Your spell library contained the following spells:

 Spells                   Type           Power      Damage    Failure   Level
 Anguish                  Hex/Necr       0%         N/A       98%         4
 Dispel Undead            Necr           0%         3d6       98%         4
 Leda's Liquefaction      Alch/Erth      0%         N/A       98%         4
 Borgnjor's Vile Clutch   Necr/Erth      0%         N/A       100%        5
 Haunt                    Necr/Summ      0%         N/A       100%        7
 Borgnjor's Revivificati  Necr           0%         N/A       100%        8
 Death's Door             Necr           0%         N/A       100%        9


Dungeon Overview and Level Annotations

Branches:
Dungeon (1/15) Zot: 5469

Altars:


Innate Abilities, Weirdness & Mutations

You can wield a second weapon in your off-hand.
It takes a long time for you to wield or remove held weapons.
Your first few attacks do less damage.
Your first movements take longer.


Message History

The hobgoblin hits you.
You take 3 damage, and have 20/27 hp.
You barely miss the hobgoblin.
The hobgoblin is severely wounded.
You hit the hobgoblin.
You kill the hobgoblin!
No target in view!
No target in view!
You see here 9 stones.
h - a sedimented grey potion Health restored: 27 You pick up the Atlas of the Rocks and Remains and begin reading...
It was the Atlas of the Rocks and Remains.
You add the spells Leda's Liquefaction, Anguish, Dispel Undead and Borgnjor's Vile Clutch to your library.
i - a scroll labelled BALIQO CUN LIU You now have 57 gold pieces (gained 3).
A rat comes into view.
The rat squeaks loudly.
A rat is nearby!
Unknown command.
A rat is nearby!
Found a club.
A bat comes into view.
The bat moves out of view.
The rat bites you.
You take 2 damage, and have 25/27 hp.
You barely miss the rat. The rat barely misses you.
You hit the rat.
The rat is heavily wounded.
The rat misses you.
You closely miss the rat.
The rat is heavily wounded.
The rat closely misses you.
You hit the rat.
You kill the rat!
The bat hits you.
You take 1 damage, and have 25/27 hp.
You closely miss the bat. The bat hits you.
Found a stone staircase leading down.
The bat hits you but does no damage. The bat barely misses you.
The bat barely misses you. The bat hits you. The bat closely misses you.
You take 1 damage, and have 24/27 hp.
You closely miss the bat. The bat hits you but does no damage.
The bat hits you. x3
You take 2 damage, and have 22/27 hp.
You hit the bat.
The bat is severely wounded.
The bat hits you but does no damage. The bat hits you.
The bat closely misses you. The bat barely misses you.
The bat closely misses you.
You hit the bat.
You kill the bat!
No target in view!
There is a stone staircase leading down here.
A rat comes into view.
Health restored: 27 A rat is nearby!
Found a scroll labelled LIGUYSS ESOS.
A rat comes into view.
Found a scale mail.
A hobgoblin comes into view.
The rat squeaks loudly.
You hear a shout!
A frilled lizard comes into view.
A gnoll comes into view. It is wielding a +0 flail.
You hit the rat.
You kill the rat!
The gnoll barely misses you. The gnoll hits you with a +0 flail!
You take 13 damage, and have 14/27 hp.
MASSIVE DAMAGE!!
You are too injured to fight recklessly!
You are too injured to fight recklessly!
You are too injured to fight recklessly!
You hit the gnoll but do no damage. The gnoll closely misses you.
You hit the gnoll.
The gnoll is lightly wounded.
The gnoll completely misses you.
You hit the gnoll.
The gnoll is moderately wounded.
You hit the gnoll.
The gnoll is heavily wounded.
The gnoll hits you with a +0 flail.
* * * LOW HITPOINT WARNING * * *
You take 6 damage, and have 9/27 hp.
MASSIVE DAMAGE!!
You hit the gnoll.
The gnoll is heavily wounded.
The gnoll hits you with a +0 flail.
* * * LOW HITPOINT WARNING * * *
You take 5 damage, and have 4/27 hp.
You hit the gnoll but do no damage.
The gnoll is heavily wounded.
The gnoll barely misses you.
Unknown command.
You hit the gnoll.
The gnoll is severely wounded.
The gnoll hits you with a +0 flail.
* * * LOW HITPOINT WARNING * * *
You take 3 damage, and have 2/27 hp.
You hit the gnoll.
The gnoll is almost dead.
The gnoll hits you with a +0 flail.
You die... ......†.........█ .......██.██.████ ............>█ .......█████.█████ .......█ █.....█ .......█ █.███.█ ████████ █.█ █.█ ....l.....█.█ █.█ ..........█.█ █@█ ..........█.█ █g█

.g........█.█ █.█
......r..?█.███.█
..[.......█.█...█
..........█.███.█
..........█.███.█
..........g.r...█
..........█.█████


You could see a gnoll.

Vanquished Creatures
  An endoplasm (D:1)
  2 goblins (D:1)
  3 hobgoblins (D:1)
  2 jackals (D:1)
  3 kobolds (D:1)
  3 ball pythons (D:1)
  A bat (D:1)
  2 frilled lizards (D:1)
  3 rats (D:1)
20 creatures vanquished.

Notes
Turn   | Place    | Note
-------+----------+-------------------------------------------
     0 | D:1      | Goblin1989 the Coglin Brigand began the quest for the Orb.
     0 | D:1      | Reached XP level 1. HP: 16/16 MP: 1/1
    72 | D:1      | Reached XP level 2. HP: 21/22 MP: 2/2
   163 | D:1      | Reached skill level 4 in Stealth
   270 | D:1      | Reached XP level 3. HP: 27/27 MP: 3/3
   386 | D:1      | Got the Atlas of the Rocks and Remains
   507 | D:1      | Slain by a gnoll

Illustrated notes

Levels and vault maps discovered:
D:1:      onia_arrival_mini_maze, layout_basic

Skill      XL: |  1  2 |
---------------+-------+-----
Stealth        | 4 |  4.3
Fighting       | |  2.0
Short Blades   | |  1.7
Throwing       | |  1.7
Dodging        | |  0.8

Action                     || total
---------------------------++-------
  Melee: Dagger            ||    63
   Stab: Sleeping          ||     3
 Armour: Robe              ||    56
  Dodge: Dodged            ||    52

Table legend: (Time is in decaauts)
 A = Elapsed time spent in this place.
 B = Non-inter-level travel time spent in this place.
 C = Inter-level travel time spent in this place.
 D = Time resting spent in this place.
 E = Time spent auto-exploring this place.
 F = Levels seen in this place.
 G = Mean time per level.
                   A        B        C        D        E       F      G
               +--------+--------+--------+--------+--------+-----+--------+
         Total |    529 |    529 |      0 |      0 |    359 |   1 |  529.0 |
       Dungeon |    529 |    529 |      0 |      0 |    359 |   1 |  529.0 |
               +--------+--------+--------+--------+--------+-----+--------+

Top non-repeatable levels by time:
     D:1: 529 daAuts
